 Dungeon Crawl Stone Soup version 0.32-a0-918-g0f22ef8d61 (webtiles) character file.

Game seed: 18315820424997808999

3236 lunkers the Cleaver (level 9, 71/71 HPs)
             Began as a Coglin Berserker on Apr 1, 2024.
             Was an Elder of Trog.
             Quit the game on level 7 of the Dungeon on Apr 11, 2024.
             The game lasted 00:08:09 (6398 turns).

lunkers the Cleaver (Coglin Berserker)              Turns: 6398, Time: 00:08:10

Health: 71/71      AC: 10    Str: 22    XL:     9   Next: 98%
Magic:  9/9        EV: 10    Int:  7    God:    Trog [****..]
Gold:   385        SH:  0    Dex: 13    Spells: 8/8 levels left

rFire   . . .        n - +8 rapier of the Grand God {freeze, *Corrode rC+ rN+ SInv}
rCold   + . .        b - +1 war axe (chaos) {Soledad}
rNeg    + . .        f - +0 ring mail
rPois   .            k - +1 hat
rElec   .            y - +0 cloak
rCorr   .            l - +1 pair of gloves
SInv    +            g - +0 pair of boots
Will    .....        (amulet unavailable)
Stlth   +            (ring unavailable)
HPRegen 0.31/turn    (ring unavailable)
MPRegen 0.11/turn    (no gizmo)

%: corrode self (3%)
@: no status effects
A: off-hand wielding, slow wielding, warmup strikes, no jewellery
a: Invent Gizmo, Renounce Religion, Berserk, Trog's Hand, Brothers in Arms


You were on level 7 of the Dungeon.
You worshipped Trog.
Trog was greatly pleased with you.
You visited 1 branch of the dungeon, and saw 7 of its levels.

You collected 385 gold pieces.

Inventory:

Hand Weapons
 a - a +0 hand axe {Necuametl}
 b - a +1 war axe of chaos (offhand) {Soledad}
 c - a +0 dagger {Ichio}
 m - a +1 dagger of draining {Kanchana}
 n - the +8 rapier of the Grand God (weapon) {freeze, *Corrode rC+ rN+ SInv}
   (You found it on level 3 of the Dungeon)

   rC+:       It protects you from cold.
   rN+:       It protects you from negative energy.
   SInv:      It lets you see invisible.
   *Corrode:  It may corrode you when you take damage.
 w - a +0 hand axe of venom
 A - a +0 war axe
 D - a +0 morningstar
Armour
 f - a +0 ring mail (worn)
 g - a +0 pair of boots (worn)
 k - a +1 hat (worn)
 l - a +1 pair of gloves (worn)
 y - a +0 cloak (worn)
Wands
 x - a wand of charming (3)
 C - a wand of roots (9)
Scrolls
 e - a scroll of blinking
 h - a scroll of fear
 j - a scroll of immolation
 p - a scroll of revelation
 q - 2 scrolls of enchant weapon
 r - 2 scrolls of teleportation
 t - 2 scrolls of identify
Potions
 d - a potion of enlightenment
 i - 3 potions of curing
 o - 2 potions of mutation
 s - a potion of heal wounds {unknown}
 u - 2 potions of magic {unknown}
 v - a potion of haste {unknown}
 z - a potion of cancellation {unknown}
 B - a potion of might {unknown}


   Skills:
 - Level 6.4 Fighting
 + Level 12.7 Axes
 - Level 1.7 Armour
 - Level 1.7 Dodging


You had 8 spell levels left.
You didn't know any spells.
Your spell library was empty.

Dungeon Overview and Level Annotations

Branches:
Dungeon (7/15)             Temple (0/1) D:4

Altars:
Ashenzari
Gozag
Hepliaklqana
Qazlal

Shops:
D:4 *


Innate Abilities, Weirdness & Mutations

You can wield a second weapon in your off-hand.
It takes a long time for you to wield or remove held weapons.
Your first few attacks do less damage.
You cannot equip rings or amulets.


Message History

You open the door.
A bullfrog comes into view.
Found a stone.
There is an open door here.
You slice the bullfrog with your +1 war axe of chaos!!
You freeze the bullfrog.
You kill the bullfrog!
Trog accepts your kill.
No target in view!
Unknown command.
No target in view!
Unknown command.
No target in view!
Found a stone staircase leading down.
No target in view!
You see here a stone.
You open the door.
There is an open door here.
As you open the door, it creaks loudly!
No target in view!
There is an open door here.
There is an open door here.
Things that are here:
a +0 flail; an orc skeleton
There is a stone staircase leading down here.
You open the door.
There is an open door here.
There is an open door here.
Key pressed, stopping explore.
No target in view!
Found a storm talisman.
No target in view!
Done exploring.
No target in view!
Done exploring.
Done exploring.
Done exploring.
Search for what [? for help]? xe
Okay, then.
Are you sure you want to abandon this character and quit the game? (Confirm with "yes".)

#.# #.# ##'##
#.####### #...##
#.......# .....##
#..####.# ......##
#..####.#
.......####.....#%#
.......+........#.#
.......####...#.#.#
......## ##....@.#
.....## ###..###
#...## #.## ##'##
#.# ##.# #.# ...#
#.# ##.## #.#
#...## #.#
.....#########.#


There were no monsters in sight!

Vanquished Creatures
  Maurice (D:7)
  The ghost of lotum the Insei, an amateur OpSh (D:3)
  The ghost of hgbash the Digger, an amateur GrEE (D:3)
  2 vampire mosquitoes (D:7)
  An acid dragon (D:7)
  Duvessa (D:4)
  A black bear (D:5)
  An ice beast (D:7)
  An ogre (D:6)
  3 centaurs
  3 bullfrogs (D:7)
  A gnoll sergeant (D:6)
  4 scorpions
  5 wights (D:7)
  Dowan (D:4)
  The ghost of Rudyous the Firebug, a weakling HuFE (D:3)
  A bombardier beetle (D:7)
  A jelly (D:7)
  2 orc priests
  5 hounds
  Jessica (D:2)
  3 iguanas
  A sleepcap (D:4)
  5 orc wizards
  Robin (D:2)
  8 adders
  7 gnolls
  6 ufetubi
  A dart slug (D:1)
  A ribbon worm (D:3)
  15 orcs
  4 endoplasms
  11 goblins
  10 hobgoblins
  3 jackals (D:2)
  6 kobolds
  6 quokkas
  6 ball pythons
  7 bats
  2 frilled lizards
141 creatures vanquished.

Notes
Turn   | Place    | Note
-------+----------+-------------------------------------------
     0 | D:1      | lunkers the Coglin Berserker began the quest for the Orb.
     0 | D:1      | Reached XP level 1. HP: 18/18 MP: 1/1
   519 | D:1      | Reached XP level 2. HP: 24/24 MP: 2/2
   783 | D:2      | Noticed Jessica
   800 | D:2      | Killed Jessica
   801 | D:2      | Reached skill level 4 in Axes
   801 | D:2      | Reached XP level 3. HP: 17/29 MP: 3/3
  1084 | D:2      | Reached XP level 4. HP: 33/33 MP: 4/4
  1099 | D:2      | Noticed Robin
  1109 | D:2      | Reached ** piety under Trog
  1115 | D:2      | Reached skill level 5 in Axes
  1119 | D:2      | Killed Robin
  1484 | D:3      | Found a runed translucent gate.
  1486 | D:3      | Found a runed translucent gate.
  1487 | D:3      | Found a runed translucent gate.
  1488 | D:3      | Noticed Rudyous's ghost (weakling HuFE)
  1489 | D:3      | Noticed hgbash's ghost (amateur GrEE)
  1489 | D:3      | Noticed lotum's ghost (amateur OpSh)
  1507 | D:3      | Identified the +8 rapier of the Grand God {freeze, *Corrode
                  | rC+ rN+ SInv}
  1598 | D:3      | Reached XP level 5. HP: 37/41 MP: 5/5
  2002 | D:3      | Reached skill level 6 in Axes
  2049 | D:3      | Found a broken altar of Ashenzari.
  2182 | D:3      | Killed lotum's ghost
  2183 | D:3      | Reached skill level 7 in Axes
  2183 | D:3      | Reached XP level 6. HP: 47/47 MP: 6/6
  2185 | D:3      | Killed Rudyous's ghost
  2187 | D:3      | Killed hgbash's ghost
  2188 | D:3      | Reached skill level 8 in Axes
  2188 | D:3      | Reached XP level 7. HP: 12/52 MP: 7/7
  2665 | D:4      | Noticed Duvessa
  2665 | D:4      | Noticed Dowan
  2676 | D:4      | Killed Duvessa
  2678 | D:4      | Killed Dowan
  2678 | D:4      | Reached *** piety under Trog
  2783 | D:4      | Found a staircase to the Ecumenical Temple.
  3030 | D:4      | Found Cearch's Commerce Corner.
  3165 | D:5      | Entered Level 5 of the Dungeon
  3185 | D:5      | Reached XP level 8. HP: 47/61 MP: 8/8
  3234 | D:5      | Reached skill level 5 in Fighting
  3932 | D:5      | Reached skill level 9 in Axes
  4524 | D:6      | Found a stormy altar of Qazlal.
  4565 | D:6      | Reached **** piety under Trog
  4566 | D:6      | Reached skill level 10 in Axes
  4566 | D:6      | Reached XP level 9. HP: 36/71 MP: 9/9
  5067 | D:7      | Found a hazy altar of Hepliaklqana.
  5354 | D:7      | Noticed Maurice
  5360 | D:7      | Maurice stole a +0 war axe
  5364 | D:7      | Maurice stole 336 gold
  5367 | D:7      | Killed Maurice
  5368 | D:7      | Reached skill level 11 in Axes
  5480 | D:7      | Upgraded the game from 0.32-a0-876-gcfddb08e57 to
                  | 0.32-a0-918-g0f22ef8d61
  5496 | D:7      | Found an opulent altar of Gozag.
  5885 | D:7      | Reached skill level 12 in Axes
  6398 | D:7      | Quit the game

Illustrated notes

Levels and vault maps discovered:
D:1:      saegor_arrival_simple_c, layout_loops_cross
D:2:      layout_rooms, kennysheep_path_1, item_on_display_a, uniq_jessica,
          uniq_robin
D:3:      layout_loops_ring, nicolae_overflow_hidden_temple,
          gammafunk_ghost_cemetery
D:4:      layout_basic, temple_green, nicolae_alphabet_shops, hex_medium,
          uniq_duvessa
D:5:      layout_layer_cave, kennysheep_generic_room_9
D:6:      layout_rooms, nicolae_qazlal_scattered_showers
D:7:      layout_loops_corners, mainiacjoe_overflow_catwalk,
          mainiacjoe_overflow_brackets, kb_lookout_dungeons_type, uniq_maurice

Skill      XL: |  1  2  3  4  5  6  7  8  9 |
---------------+----------------------------+-----
Axes           | 4 5 7 8 10 12 | 12.7
Fighting       | 4 6 |  6.4
Armour         | |  1.7
Dodging        | |  1.7

Action                     |  1- 3 |  4- 6 |  7- 9 || total
---------------------------+-------+-------+-------++-------
  Melee: Hand axe          |    45 |    38 |       ||    83
         Dagger            |    40 |       |    45 ||    85
         War axe           |     5 |    55 |    95 ||   155
         Rapier            |       |    18 |   152 ||   170
 Invoke: Berserk           |       |     3 |     1 ||     4
    Use: Scroll            |     3 |     2 |     9 ||    14
 Armour: Ring mail         |    33 |    33 |   166 ||   232
  Dodge: Dodged            |    28 |    24 |   113 ||   165

Table legend: (Time is in decaauts)
 A = Elapsed time spent in this place.
 B = Non-inter-level travel time spent in this place.
 C = Inter-level travel time spent in this place.
 D = Time resting spent in this place.
 E = Time spent auto-exploring this place.
 F = Levels seen in this place.
 G = Mean time per level.
                   A        B        C        D        E       F      G
               +--------+--------+--------+--------+--------+-----+--------+
         Total |   6460 |   6307 |    153 |    111 |   5209 |   7 |  922.9 |
       Dungeon |   6460 |   6307 |    153 |    111 |   5209 |   7 |  922.9 |
               +--------+--------+--------+--------+--------+-----+--------+

Top non-repeatable levels by time:
     D:7: 1342 daAuts
     D:5: 1224 daAuts
     D:4: 897 daAuts
     D:3: 864 daAuts
     D:1: 784 daAuts
     D:6: 688 daAuts
     D:2: 658 daAuts
